 Dungeon Crawl Stone Soup version 0.30-a0-596-g0af90f9a20 (webtiles) character file.

Game seed: 11375712915381687577

9143 ragingrage the Carver (level 11, -3/77 (79) HPs)
             Began as a Formicid Delver on Jan 6, 2023.
             Was a High Priest of Cheibriados.
             Killed by vampiric draining
             ... invoked by Josephine
              (23 damage)
             ... on level 11 of the Dungeon.
             The game lasted 00:15:24 (10320 turns).

ragingrage the Carver (Formicid Delver)            Turns: 10320, Time: 00:15:25

HP:   -3/77 (79)    AC: 10    Str: 29    XL:     11   Next: 68%
MP:   11/11         EV: 12    Int: 30    God:    Cheibriados [*****.]
Gold: 384           SH:  0    Dex: 29    Spells: 4/10 levels left

rFire   . . .      SeeInvis +    a - +1 scimitar (flame)
rCold   . . .      Faith    .    (no shield)
rNeg    . . .      Spirit   .    C - +0 swamp dragon scales
rPois   +          Reflect  .    (helmet unavailable)
rElec   .          Harm     .    y - scarf {shadows}
rCorr   .          Rampage  .    I - +0 pair of gloves
Will    +....                    (no boots)
Stlth   ++++                     c - amulet of regeneration
HPRegen 1.12/turn                L - +6 ring of intelligence
MPRegen 0.12/turn                N - ring of poison resistance

@: mighty, lightly drained, very slow
A: permanent stasis, dig shafts and tunnels, antennae 3, four strong arms
a: Dig, Shaft Self, Renounce Religion, Bend Time, Temporal Distortion, Slouch,
Step From Time


You were on level 11 of the Dungeon.
You worshipped Cheibriados.
Cheibriados was extremely pleased with you.
You visited 2 branches of the dungeon, and saw 13 of its levels.

You collected 428 gold pieces.
You spent 44 gold pieces at shops.

Inventory:

Hand Weapons
 a - a +1 scimitar of flaming (weapon)
 b - a +2 short sword of electrocution
 A - a +0 shortbow
 B - a +5 whip
Missiles
 v - 9 poisoned darts
 x - 12 boomerangs
 D - 2 javelins
 J - 4 throwing nets
Armour
 y - a scarf of shadows (worn)
 C - +0 swamp dragon scales (worn)
 I - a +0 pair of gloves (worn)
Jewellery
 c - an amulet of regeneration (around neck)
 L - a +6 ring of intelligence (left hand)
 N - a ring of poison resistance (right hand)
Wands
 g - a wand of digging (3)
 j - a wand of roots (2)
 H - a wand of paralysis (19)
Scrolls
 d - 3 scrolls of magic mapping
 h - 2 scrolls of fog
 k - a scroll of poison
 l - 2 scrolls of silence
 n - a scroll of vulnerability {unknown}
 p - 2 scrolls of enchant armour
 q - 2 scrolls of immolation
 r - a scroll of identify
 t - a scroll of blinking {unknown}
 w - 2 scrolls of amnesia
 E - a scroll of teleportation {unknown}
 G - a scroll of brand weapon {unknown}
Potions
 e - 2 potions of ambrosia
 f - 3 potions of haste
 m - a potion of berserk rage
 o - 2 potions of brilliance
 s - 2 potions of mutation
 u - 3 potions of might
 z - 2 potions of flight
 M - a potion of curing


   Skills:
 - Level 5.0 Fighting
 * Level 13.9 Long Blades
 - Level 7.7 Armour
 - Level 1.8 Dodging
 + Level 7.8 Stealth
 + Level 1.5 Hexes
 + Level 5.6 Summonings


You had 4 spell levels left.
You knew the following spells:

 Your Spells              Type           Power      Damage    Failure   Level
a - Call Canine Familiar  Summ           34%        N/A       3%          3
b - Summon Guardian Gole  Hex/Summ       21%        N/A       9%          3

Your spell library contained the following spells:

 Spells                   Type           Power      Damage    Failure   Level
 Summon Small Mammal      Summ           100%       N/A       1%          1
 Scorch                   Fire           0%         2d5       21%         2
 Inner Flame              Hex/Fire       4%         N/A       28%         3
 Ozocubu's Armour         Ice            0%         N/A       36%         3
 Cause Fear               Hex            4%         N/A       56%         4
 Flame Wave               Conj/Fire      0%         2d4       78%         4
 Manifold Assault         Tloc           0%         N/A       78%         4
 Sticky Flame             Conj/Fire      0%         2d3       78%         4
 Summon Cactus Giant      Summ           17%        N/A       89%         6
 Ozocubu's Refrigeration  Ice            0%         4d7       100%        7
 Storm Form               Tmut/Air       0%         N/A       100%        7
 Discord                  Hex            4%         N/A       100%        8
 Blink                    Tloc           Unusable   N/A       N/A         2

Dungeon Overview and Level Annotations

Branches:
Dungeon (13/15)            Temple (1/1) D:4
   Lair: D:8-11         Orc: D:9-12      Vaults: D:13-14

Altars:
Ashenzari
Cheibriados
Dithmenos
Elyvilon
Fedhas
Gozag
Hepliaklqana
Kikubaaqudgha
Makhleb
Nemelex Xobeh
Okawaru
Qazlal
Ru
Sif Muna
Trog
Uskayaw
Vehumet
Wu Jian
Xom
Yredelemnul
Zin
The Shining One

Shops:
D:12 ?

Annotations:
D:2 exclusion: goblin
D:5 1 exclusion
D:7 1 runed translucent door, Crazy Yiuf
D:11 Josephine
D:13 exclusion: 4 doors


Innate Abilities, Weirdness & Mutations

You cannot be hasted, slowed, berserked, paralysed or teleported.
You can dig through walls and to a lower floor.
You have a pair of large antennae on your head. (SInv)
Your four strong arms can wield two-handed weapons with a shield.


Message History

You kill the white imp!
Cheibriados appreciates the change of pace.
Cheibriados raises the support of your attributes as your movement slows.
A wraith comes into view.
You slash the wraith! You burn the wraith.
The wraith is heavily damaged.
The wraith hits you! The wraith drains your vigour!
Your stasis prevents you from being slowed.
You barely miss the wraith.
The wraith is heavily damaged.
You closely miss the wraith.
The wraith is heavily damaged.
The wraith hits you but does no damage.
You slash the wraith! You burn the wraith.
You destroy the wraith!
Cheibriados appreciates the change of pace.
Josephine the Decaying Necromancer comes into view.
She is wielding a +0 dagger and wearing a +2 robe of willpower.
You slash Josephine! You burn Josephine.
Josephine is lightly wounded.
You barely miss Josephine.
Josephine is lightly wounded.
Josephine hits you with a +0 dagger!
You slash Josephine! You burn Josephine!
Josephine is heavily wounded.
Josephine hits you but does no damage.
You hit Josephine. You burn Josephine.
Josephine is heavily wounded.
Josephine screams, "Die!"
Josephine hits you with a +0 dagger!
* * * LOW HITPOINT WARNING * * *
You slice Josephine!! You burn Josephine.
Josephine is almost dead.
You hear a shout!
You hear a roar!
You completely miss Josephine.
Josephine is almost dead.
Josephine hits you but does no damage.
You closely miss Josephine.
Josephine is almost dead.
Josephine draws life force from you!!
You die...

..##.# ##.## ...†.# ##.##
..#### #...# .## #...# .#
.# #...# .. .# ##.## .# {
'## #.# .# { ..## #.#
###{####. ...## #.#
#@#{{.{{. ....## ##.##
##@#
..>..####...####{######..
.....'..÷........{{.y....
.....####....######.{.###
....## ##.#.# ..#...
...## ###.# ..{.#. ..##
#.# ...## '## #.# .#..


You could see Josephine.

Vanquished Creatures
  Harold (D:9)
  A two-headed ogre (D:9)
  Erica (D:8)
  Maggie (D:10)
  An unseen horror (D:10)
  A hornet (D:9)
  A shadow (D:7)
  A wraith (D:11)
  7 yaks
  A steam dragon (D:7)
  5 vampire mosquitoes (D:11)
  Menkaure (D:7)
  3 acid dragons
  3 water moccasins
  3 sky beasts
  5 orc warriors
  2 black bears
  2 ice beasts
  2 ogres
  3 centaurs
  2 kobold brigands
  2 necrophages (D:6)
  A scorpion (D:5)
  8 wights
  17 killer bees
  A howler monkey (D:7)
  4 hounds
  A jelly (D:8)
  A gnoll bouda (D:7)
  4 orc priests
  2 iguanas (D:4)
  10 orc wizards
  3 adders
  A shadow imp (D:7)
  4 white imps
  An ufetubus (D:7)
  A dart slug (D:4)
  35 orcs
  2 ball pythons (D:3)
  3 bat skeletons (D:4)
  2 bat zombies (D:4)
  4 endoplasms
  9 goblins
  5 hobgoblins
  14 kobolds
  2 quokkas
  3 bats
  3 frilled lizards
  A rat (D:3)
  A spectral goblin (D:2)
192 creatures vanquished.

Vanquished Creatures (collateral kills)
  An orc priest (D:9)
1 creature vanquished.

Vanquished Creatures (others)
  A human (D:13)
  11 plants (D:11)
12 creatures vanquished.

Grand Total: 205 creatures vanquished

Notes
Turn   | Place    | Note
-------+----------+-------------------------------------------
     0 | D:5      | ragingrage the Formicid Delver began the quest for the Orb.
     0 | D:5      | Reached XP level 1. HP: 18/18 MP: 1/1
   106 | D:3      | Reached XP level 2. HP: 16/24 MP: 2/2
   397 | D:2      | Reached skill level 3 in Long Blades
   397 | D:2      | Reached XP level 3. HP: 14/29 MP: 3/3
   698 | D:2      | Identified the +1 ring mail of Proximity {Will+ Stlth+}
  1055 | D:2      | Found a faded altar of an unknown god.
  1093 | D:2      | Reached XP level 4. HP: 23/35 MP: 4/4
  1426 | D:3      | Reached skill level 4 in Long Blades
  2114 | D:4      | Found a staircase to the Ecumenical Temple.
  2143 | Temple   | Entered the Ecumenical Temple
  2260 | Temple   | Became a worshipper of Cheibriados the Contemplative
  2293 | D:4      | Reached XP level 5. HP: 38/41 MP: 5/5
  2589 | D:4      | Found an ancient bone altar of Kikubaaqudgha.
  2593 | D:4      | Reached skill level 5 in Long Blades
  2970 | D:5      | Reached * piety under Cheibriados
  2971 | D:5      | Reached XP level 6. HP: 47/47 MP: 6/6
  3083 | D:5      | Noticed an ice beast
  3092 | D:5      | Killed an ice beast
  3093 | D:5      | Reached skill level 6 in Long Blades
  3354 | D:5      | Reached skill level 7 in Long Blades
  3354 | D:5      | Reached XP level 7. HP: 46/52 MP: 7/7
  3946 | D:6      | Reached skill level 8 in Long Blades
  3993 | D:6      | Reached XP level 8. HP: 58/58 MP: 8/8
  4479 | D:6      | Reached skill level 9 in Long Blades
  4609 | D:6      | Reached ** piety under Cheibriados
  5042 | D:7      | You fall into a shaft and drop 1 floor!
  5284 | D:7      | Learned a level 3 spell: Call Canine Familiar
  5320 | D:7      | Reached skill level 1 in Armour
  5344 | D:7      | Reached skill level 10 in Long Blades
  5349 | D:7      | Reached XP level 9. HP: 59/65 MP: 9/9
  5904 | D:7      | Reached skill level 5 in Fighting
  6021 | D:7      | Reached skill level 11 in Long Blades
  6028 | D:7      | Reached *** piety under Cheibriados
  6336 | D:7      | Noticed Menkaure
  6341 | D:7      | Killed Menkaure
  6342 | D:7      | Reached skill level 1 in Summonings
  6654 | D:7      | Found an iron altar of Okawaru.
  6668 | D:7      | Reached XP level 10. HP: 60/74 MP: 10/10
  6898 | D:7      | Found a runed translucent door.
  6899 | D:7      | Noticed Crazy Yiuf
  7103 | D:8      | Reached skill level 5 in Armour
  7332 | D:8      | Found an ornate altar of the Wu Jian Council.
  7361 | D:8      | Reached **** piety under Cheibriados
  7451 | D:8      | Noticed Erica
  7460 | D:8      | Killed Erica
  7461 | D:8      | Reached skill level 12 in Long Blades
  7591 | D:8      | Noticed a +0 dagger
  7591 | D:8      | Noticed a +0 dagger
  7595 | D:8      | Found a hide-covered altar of Uskayaw.
  9245 | D:9      | Noticed a two-headed ogre
  9259 | D:9      | Killed a two-headed ogre
  9292 | D:9      | Reached skill level 13 in Long Blades
  9320 | D:9      | Reached XP level 11. HP: 60/79 MP: 11/11
  9398 | D:9      | Noticed Harold
  9406 | D:9      | Killed Harold
  9407 | D:9      | Reached skill level 5 in Summonings
  9789 | D:9      | Reached ***** piety under Cheibriados
  9869 | D:10     | Entered Level 10 of the Dungeon
  9952 | D:10     | Noticed Maggie
  9961 | D:10     | Killed Maggie
  9969 | D:10     | Noticed an eight-headed hydra
  9976 | D:10     | You fall into a shaft and drop 3 floors!
 10068 | D:12     | Found Saipteda's Magic Scroll Shoppe.
 10077 | D:12     | Bought a scroll of immolation for 44 gold pieces
 10161 | D:11     | Learned a level 3 spell: Summon Guardian Golem
 10297 | D:11     | Reached skill level 1 in Hexes
 10313 | D:11     | Noticed Josephine
 10320 | D:11     | Killed from afar by Josephine

Illustrated notes

Levels and vault maps discovered:
D:2:      layout_loops_cross, dreamdust_ecumenical_altar_drowned_temple,
          hangedman_abyss_or_decor_lesser_grid, minmay_goblin_outpost
D:3:      layout_loops_ring, st_stairs_4
D:4:      layout_basic, kennysheep_vampire_church, minmay_temple_entry_arrows
D:5:      layout_loops_corners, nicolae_elevator_lobby_asterisk, uniq_pikel
D:6:      layout_gridville
D:7:      layout_basic, kennysheep_okawaru_gauntlet, minmay_starry_boxes,
          uniq_crazy_yiuf_cottage, uniq_menkaure
D:8:      layout_basic, nicolae_wu_jian_wuxing_cycle, dancing_weapons_uskayaw,
          grunt_tough_drop, uniq_erica
D:9:      layout_basic, kennysheep_generic_room_10, uniq_harold
D:10:     layout_irregular_city, kennysheep_generic_room_13, uniq_maggie,
          uniq_erolcha
D:11:     layout_loops_corners, dpeg_oklobed_lair, portal_ice_cave_entry_imps,
          uniq_josephine
D:12:     nzn_motion_control, layout_rooms, erik_orc_1, serial_shops,
          nicolae_shop_waterfront
D:13:     layout_gridville, ximxim_vaults_locker_room, enter_trove_0,
          uniq_kirke, uniq_lodul, uniq_azrael
Temple:   hc_temple_tempest_star

Skill      XL: |  1  2  3  4  5  6  7  8  9 10 11 |
---------------+----------------------------------+-----
Long Blades    | 3 4 5 7 8 10 11 13 | 13.9
Armour         | 2 4 6 7 |  7.7
Fighting       | 4 5 |  5.0
Summonings     | 1 4 5 |  5.6
Stealth        | 7 |  7.8
Hexes          | 1 |  1.5
Dodging        | |  1.8

Action                   |  1- 3 |  4- 6 |  7- 9 | 10-12 || total
-------------------------+-------+-------+-------+-------++-------
Melee: Falchion          |    37 |       |       |       ||    37
       Long sword        |    20 |    87 |   156 |    27 ||   290
       Dagger            |     5 |       |       |       ||     5
       Short sword       |       |       |    27 |    28 ||    55
       Punch             |       |       |     2 |     4 ||     6
       Scimitar          |       |       |       |   229 ||   229
 Fire: Shortbow          |       |       |     4 |       ||     4
 Cast: Call Canine Famil |       |       |       |     1 ||     1
Invok: Bend Time         |       |       |       |     1 ||     1
 Abil: Shaft Self        |       |       |     1 |     1 ||     2
       Dig               |       |       |       |     1 ||     1
Evoke: Wand              |       |       |     1 |     3 ||     4
  Use: Potion            |       |       |     5 |     5 ||    10
       Scroll            |       |       |     4 |     6 ||    10
 Stab: Sleeping          |     5 |    11 |     6 |     3 ||    25
       Distracted        |       |       |     1 |       ||     1
       Paralysed         |       |       |       |     1 ||     1
Armor: Leather armour    |     8 |       |       |       ||     8
       Ring mail         |    13 |    56 |    23 |       ||    92
       Swamp dragon scal |       |       |    52 |    78 ||   130
       Skin              |       |       |       |     3 ||     3
Dodge: Dodged            |    47 |    72 |   142 |   154 ||   415
Block: Other             |       |       |    26 |     7 ||    33

Table legend: (Time is in decaauts)
 A = Elapsed time spent in this place.
 B = Non-inter-level travel time spent in this place.
 C = Inter-level travel time spent in this place.
 D = Time resting spent in this place.
 E = Time spent auto-exploring this place.
 F = Levels seen in this place.
 G = Mean time per level.
                   A        B        C        D        E       F      G
               +--------+--------+--------+--------+--------+-----+--------+
         Total |  13346 |  12067 |   1279 |   2061 |   7352 |  13 | 1026.6 |
       Dungeon |  13213 |  11970 |   1243 |   2061 |   7274 |  12 | 1101.1 |
        Temple |    132 |     97 |     35 |      0 |     78 |   1 |  132.0 |
               +--------+--------+--------+--------+--------+-----+--------+

Top non-repeatable levels by time:
     D:8: 2935 daAuts
     D:7: 2563 daAuts
     D:6: 1621 daAuts
     D:5: 1375 daAuts
     D:9: 1118 daAuts
     D:4: 1094 daAuts
     D:2: 1008 daAuts
     D:3: 895 daAuts
    D:11: 289 daAuts
    D:10: 147 daAuts
  Temple: 132 daAuts
    D:13: 128 daAuts
    D:12: 36 daAuts
